[Event "*** MasterClass Titled Tuesday Blitz"]
[Site "Chess.com"]
[Date "2017.12.05"]
[Round "2"]
[White "Aygehovit1992"]
[Black "GrigorGrigorov"]
[Result "0-1"]
[WhiteElo "2491"]
[BlackElo "2608"]
[TimeControl "180+2"]
[EndTime "14:36:07 PST"]
[Termination "GrigorGrigorov won on time"]

1. Nf3 d5 2. g3 c6 3. Bg2 Nf6 4. O-O Bg4 5. d3 Nbd7 6. h3 Bh5 7. Nbd2 e5 8. g4 Bg6 9. Nh4 Bd6 10. Nxg6 hxg6 11.
Nf3 Qe7 12. c4 e4 13. dxe4 dxe4 14. Nd4 Nxg4 15. e3 Ngf6 16. f4 exf3 17. Qxf3 O-O 18. Bd2 Nc5 19. Rad1 Nce4 20. Be1 Rad8 21. a3 Rfe8 22. Bh4 Qe5 23. Rfe1 Qh2+ 24. Kf1 Nh5 25. Ne2 Nhf6 26. Rd4 Bc5 27. Rxd8 Rxd8 28. Qf4 Qxf4+ 29. Nxf4 g5 30. Bxe4 Nxe4 0-1

[Event "*** MasterClass Titled Tuesday Blitz"]
[Site "Chess.com"]
[Date "2017.12.05"]
[Round "2"]
[White "Vojtastr"]
[Black "Rikikits"]
[Result "0-1"]
[WhiteElo "2397"]
[BlackElo "2530"]
[TimeControl "180+2"]
[EndTime "14:36:08 PST"]
[Termination "Rikikits won by resignation"]

1. d4 Nf6 2. Nf3 g6 3. c4 Bg7 4. Nc3 O-O 5. e4 d6 6. Be2 e5 7. d5 Na6 8. Bg5 h6 9. Bh4 g5 10. Bg3 Nxe4 11. Nxe4 f5 12. Nfd2 fxe4 13. Nxe4 Bf5 14.
Bd3 Bxe4 15. Bxe4 Nc5 16. Qc2 Rf4 17. Bxf4 exf4 18. O-O a5 19. Rfe1 Qf6 20. Bf5 Qxb2 21. Qxb2 Bxb2 22. Rab1 Bf6 23. Rb5 a4 24. Bc2 a3 25. Kf1 Kf8 26. g3 Be5 27. Kg2 b6 28. Kf3 Kf7 29. h4 fxg3 30. fxg3 gxh4 31. gxh4 Rg8 32.
Ke2 Rg2+ 33. Kd1 Bb2 34. Rf1+ Ke7 35. h5 Kd8 36. Rf8+ Kd7 37. Rb4 Rh2 38. Rf7+ Kc8 39.
Bg6 Bc3 40. Rb1 Rxa2 41. Bc2 Na6 42. Rh7 Nb4 43. Rc1 Nxc2 44. Rxc2 Rxc2 45. Kxc2 a2 46.
Kxc3 a1=Q+ 47. Kd2 Qd4+ 0-1

[Event "*** MasterClass Titled Tuesday Blitz"]
[Site "Chess.com"]
[Date "2017.12.05"]
[Round "2"]
[White "pastouche06"]
[Black "Hasangatin_Ramil"]
[Result "0-1"]
[WhiteElo "2333"]
[BlackElo "2405"]
[TimeControl "180+2"]
[EndTime "14:36:09 PST"]
[Termination "Hasangatin_Ramil won by resignation"]

1. d4 d6 2. e4 Nf6 3. f3 d5 4. Nc3 dxe4 5. fxe4 e5 6. d5 Bb4 7. Bd3 Nxe4 8. Bxe4 Bxc3+ 9. bxc3 Qh4+ 10. Kf1 Qxe4 11. Nf3 Bg4 12. Qd3 Bxf3 13. gxf3 Qxd3+ 14. cxd3 Nd7 15. Be3 O-O-O 16. Ke2 f6 17. a4 a5 18. c4 c6 19. Rhb1 Kc7 20. dxc6 bxc6 21. Bd2 Ra8 22. Rb2 Rhb8 23. Rxb8 Kxb8 24. Rb1+ Kc7 25. Be3 Rb8 26.
Rxb8 Nxb8 27. f4 Nd7 28. Kf3 Kd6 29. Bd2 Nc5 30. Bxa5 Nxa4 31. Bb4+ Ke6 32. Bf8 g6 33. h4 Kf5 34. fxe5 Kxe5 35. Ba3 Ke6 36. d4 Nb6 37. c5 Nd5 38. Bc1 f5 39. Bd2 Nf6 40. Kf4 Ne4 41. Be3 Kd5 42. h5 Ke6 43. hxg6 hxg6 44. Kf3 g5 45. Ke2 f4 46. Bg1 Nc3+ 47. Kf3 Nd5 48.
Kg4 Kf6 49. Bf2 Kg6 50. Bg1 Nf6+ 51. Kf3 Kf5 0-1

[Event "*** MasterClass Titled Tuesday Blitz"]
[Site "Chess.com"]
[Date "2017.12.05"]
[Round "2"]
[White "nikitakhoroshev"]
[Black "pKiLz5Rn9b"]
[Result "0-1"]
[WhiteElo "2428"]
[BlackElo "2635"]
[TimeControl "180+2"]
[EndTime "14:36:28 PST"]
[Termination "pKiLz5Rn9b won by resignation"]

1. g3 Nf6 2. Bg2 d5 3. d3 e6 4. e4 dxe4 5. dxe4 Qxd1+ 6. Kxd1 e5 7. f3 Nc6 8. c3 a5 9. Bh3 Bxh3 10. Nxh3 h5 11. Ke2 Be7 12. Be3 Nd7 13. Nf2 h4 14. g4 Nf8 15. Nd2 Ne6 16. Nd3 O-O-O 17. Nc4 f6 18. a4 b6 19. Rhd1 Rd7 20. Ne1 Rhd8 21. Rxd7 Rxd7 22. h3 Bc5 23. Bd2 Bf8 24. Ng2 g5 25. Be3 Ne7 26. Rd1 Ng6 27. Rxd7 Kxd7 28.
Bd2 Nc5 29. b4 axb4 30. cxb4 Nxa4 31. Kd3 b5 32. Na5 c5 33. bxc5 Nxc5+ 34. Kc2 Ne6 35. Nb3 Kc6 36. Kd3 Nc5+ 37. Nxc5 Bxc5 38. Ne1 Nf8 39.
Nc2 Ne6 40. Nb4+ Bxb4 41. Bxb4 Nf4+ 42. Ke3 Kd7 43. Be1 Ng2+ 44. Kf2 Nxe1 45. Kxe1 Kd6 46. Kd2 b4 47. Kc2 Kc5 48. Kb3 Kb5 49. Kb2 Kc4 50.
Kc2 Kd4 0-1

[Event "*** MasterClass Titled Tuesday Blitz"]
[Site "Chess.com"]
[Date "2017.12.05"]
[Round "2"]
[White "FearNoEvil12"]
[Black "GameOverBro"]
[Result "0-1"]
[WhiteElo "2041"]
[BlackElo "2293"]
[TimeControl "180+2"]
[EndTime "14:36:28 PST"]
[Termination "GameOverBro won by checkmate"]

1. e4 d6 2. Nc3 Nf6 3. f4 d5 4.
e5 d4 5. exf6 dxc3 6. fxg7 cxd2+ 7. Bxd2 Bxg7 8. Qh5 Qd4 9. Nf3 Qxb2 10. Rd1 Qxc2 11. Be2 Qf5 12. Qh4 Nc6 13. O-O Be6 14. Be3 Bf6 15. Qf2 Rg8 16. Bd3 Qa5 17.
Be4 Qxa2 18. Rd2 Qa6 19. Rfd1 h5 20. f5 Bc4 21. Kh1 Bc3 22. Rc2 Bb3 23. Rxc3 Bxd1 24.
Bxc6+ bxc6 25. Nd4 Rb8 26. h3 Rb1 27. Kh2 c5 28. Nf3 Qd6+ 29. g3 Bxf3 30. Qxf3 Rb2+ 31.
Bf2 h4 32. Qa8+ Kd7 33. Qf3 hxg3+ 34. Kh1 gxf2 35. Rd3 Rg1# 0-1

[Event "*** MasterClass Titled Tuesday Blitz"]
[Site "Chess.com"]
[Date "2017.12.05"]
[Round "2"]
[White "Pakarma"]
[Black "wanyaland"]
[Result "0-1"]
[WhiteElo "2055"]
[BlackElo "2256"]
[TimeControl "180+2"]
[EndTime "14:36:29 PST"]
[Termination "wanyaland won by resignation"]

1. Nf3 Nf6 2. g3 d5 3. Bg2 e6 4.
O-O Be7 5. b3 c5 6. Bb2 Nc6 7.
e3 O-O 8. d4 b6 9. c4 Bb7 10.
Nbd2 Rc8 11. Rc1 a6 12. Qe2 Re8 13. Rfd1 Qc7 14. cxd5 exd5 15. dxc5 bxc5 16. Bh3 Rcd8 17. Qf1 Ne4 18. Nxe4 dxe4 19. Nd2 Nb4 20. Nc4 Nxa2 21. Ra1 Nb4 22. Be5 Qc6 23. Na5 Qb6 24. Nxb7 Qxb7 25.
Qc4 Bf8 26. Bc3 Rxd1+ 27. Rxd1 a5 28. Bg2 h5 29. Bh3 Qb6 30. Rd7 Qg6 31. Kg2 h4 32. Ra7 hxg3 33. hxg3 Nd3 34. Rxa5 Qh5 35. Ra7 Qf3+ 36.
Kh2 Qxf2+ 37. Bg2 Re6 38. Qxe6 fxe6 39. Kh1 Qxe3 40. Ba5 Bd6 41. Bc3 Nf2+ 42. Kg1 Ng4+ 43. Kh1 Qc1+ 0-1

[Event "*** MasterClass Titled Tuesday Blitz"]
[Site "Chess.com"]
[Date "2017.12.05"]
[Round "2"]
[White "moro182"]
[Black "EndgameGrinder"]
[Result "1-0"]
[WhiteElo "2623"]
[BlackElo "2426"]
[TimeControl "180+2"]
[EndTime "14:36:31 PST"]
[Termination "moro182 won by resignation"]

1. d4 Nf6 2. c4 e6 3. Nf3 Bb4+ 4.
Bd2 a5 5. g3 d6 6. Bg2 Nbd7 7. O-O e5 8. Bxb4 axb4 9. Nbd2 O-O 10. e3 c6 11. Qb3 c5 12. Rfd1 Qc7 13. a3 bxa3 14. bxa3 Ra7 15. Nb1 cxd4 16. exd4 b6 17. Nc3 Ba6 18. Nb5 Bxb5 19. cxb5 exd4 20. Nxd4 Nc5 21.
Qf3 d5 22. Nc6 Ra4 23. Nb4 Qd7 24. Rab1 d4 25. Rb2 h6 26. Rbd2 Qxb5 27. Rxd4 Re8 28. Qf5 Qa5 29. Bc6 Rf8 30. Rd8 Rxb4 31. axb4 Qxb4 32.
Rxf8+ Kxf8 33. Qc8+ Ke7 34. Qc7+ Ke6 35. h3 h5 36. Rd6+ Kf5 37. Qxf7 Qb1+ 38. Kg2 Qe1 39. Rd5+ Ke4 1-0

[Event "*** MasterClass Titled Tuesday Blitz"]
[Site "Chess.com"]
[Date "2017.12.05"]
[Round "2"]
[White "Indianlad"]
[Black "LastHeroJr"]
[Result "1-0"]
[WhiteElo "2594"]
[BlackElo "2411"]
[TimeControl "180+2"]
[EndTime "14:36:31 PST"]
[Termination "Indianlad won on time"]

1. e4 e5 2. Nf3 Nc6 3. Bb5 a6 4. Ba4 Nf6 5. Nc3 d6 6. d4 Bd7 7. Bxc6 Bxc6 8. O-O Be7 9. dxe5 dxe5 10. Nxe5 Qxd1 11. Rxd1 Bxe4 12. Nxe4 Nxe4 13. Re1 Nc5 14. Be3 Ne6 15. f4 O-O 16. f5 Nc5 17. Kf1 Na4 18. b3 Nc3 19. f6 gxf6 20. Ng4 Rad8 21. Bh6 Rfe8 22. Re3 Nd5 23. Rg3 Kh8 24. c4 Nb4 25. Re1 Nc6 26. Rge3 Rg8 27. h3 Bb4 28. Nxf6 Bxe1 29.
Nxg8 Bd2 30. Rf3 Bxh6 31. Nxh6 Rd1+ 32. Ke2 Ra1 33. Rg3 Rxa2+ 34. Kd1 Ra1+ 35. Kd2 Ra2+ 36. Kc1 1-0

[Event "*** MasterClass Titled Tuesday Blitz"]
[Site "Chess.com"]
[Date "2017.12.05"]
[Round "2"]
[White "chito89"]
[Black "joppie2"]
[Result "1-0"]
[WhiteElo "2583"]
[BlackElo "2600"]
[TimeControl "180+2"]
[EndTime "14:36:37 PST"]
[Termination "chito89 won by resignation"]

1. d4 d5 2. c4 dxc4 3. e3 Nf6 4.
Bxc4 e6 5. Nf3 c5 6. O-O Nc6 7. Nc3 a6 8. a4 b6 9. Qe2 Qc7 10. Rd1 Bd6 11. h3 O-O 12. dxc5 bxc5 13. Bd3 Ne5 14.
Nxe5 Bxe5 15. Bd2 Bb7 16. Rac1 Rfd8 17. f4 Bxc3 18. Bxc3 Nd5 19. Be5 Qb6 20. e4 Nb4 21. Bc4 Nc6 22. Bc3 Nd4 23. Qe3 Rd7 24. Bf1 Rad8 25. a5 Qa7 26. b4 cxb4 27. Bxd4 Rxd4 28. Rxd4 Qxd4 29. Qxd4 Rxd4 30. Rc7 Rxe4 31. Rxb7 g6 32.
Bxa6 Re1+ 33. Bf1 Rb1 34. a6 Kg7 35. Kf2 b3 36. Bd3 Rb2+ 37. Ke3 Rxg2 38. Rxb3 Ra2 39. Rb7 h6 40. a7 g5 41. fxg5 hxg5 42. Be4 Ra3+ 43.
Kd2 1-0

[Event "*** MasterClass Titled Tuesday Blitz"]
[Site "Chess.com"]
[Date "2017.12.05"]
[Round "2"]
[White "calemcc"]
[Black "northridgehawk"]
[Result "0-1"]
[WhiteElo "2283"]
[BlackElo "1963"]
[TimeControl "180+2"]
[EndTime "14:36:37 PST"]
[Termination "northridgehawk won by checkmate"]

1. d4 Nf6 2. c4 g6 3. f3 d5 4.
cxd5 Nxd5 5. e4 Nb6 6. Nc3 Bg7 7. Be3 O-O 8. Qd2 Nc6 9. O-O-O f5 10. h4 fxe4 11. fxe4 e5 12. d5 Nd4 13. Be2 a5 14.
h5 a4 15. hxg6 hxg6 16. Bh6 Qf6 17. Bxg7 Qxg7 18. Nf3 a3 19. b3 c5 20. dxc6 Nxc6 21. Nd5 Nd7 22. Bc4 Rf7 23. Nb6 Nxb6 24. Bxf7+ Qxf7 25. Qd6 Bg4 26. Kb1 Bxf3 27. gxf3 Rd8 28. Qc5 Rxd1+ 29. Rxd1 Qxf3 30. Kc1 Qf4+ 31. Rd2 Qf1+ 32.
Rd1 Qe2 33. Rd2 Qxe4 34. Qxb6 Qe1+ 35. Kc2 Nd4+ 36. Rxd4 exd4 37. Qd8+ Kf7 38. Qd7+ Kg8 39. Qc8+ Kh7 40. Qxb7+ Kh6 41. Qd7 Qc3+ 42. Kd1 Qa1+ 43.
Ke2 Qxa2+ 44. Ke1 Qxb3 45. Qxd4 Qb1+ 46. Kd2 Qb2+ 47. Qxb2 axb2 48. Kc2 g5 49. Kxb2 Kg6 50. Kc2 Kf5 51. Kd2 Kf4 52. Ke2 Kg3 53. Kf1 Kh2 54. Kf2 g4 55. Kf1 g3 56. Ke2 g2 57.
Ke3 g1=Q+ 58. Kf4 Qc5 59. Ke4 Kg3 60. Kd3 Qb4 61. Kc2 Qa3 62. Kb1 Kf2 63. Kc2 Ke2 64. Kb1 Qc3 65. Ka2 Qb4 66. Ka1 Kd2 67. Ka2 Kc2 68. Ka1 Qa5# 0-1

[Event "*** MasterClass Titled Tuesday Blitz"]
[Site "Chess.com"]
[Date "2017.12.05"]
[Round "2"]
[White "AndrewMcStone"]
[Black "visa"]
[Result "0-1"]
[WhiteElo "2103"]
[BlackElo "2202"]
[TimeControl "180+2"]
[EndTime "14:36:39 PST"]
[Termination "visa won on time"]

1. d4 e6 2. c4 b6 3. Nc3 Bb7 4. e4 Bb4 5. f3 f5 6. Bd3 fxe4 7. fxe4 Bxc3+ 8. bxc3 Bxe4 9. Qh5+ g6 10. Qe5 Bxg2 11. Qxh8 Qh4+ 12. Kd1 Kf7 13. Ne2 Bxh1 14. Nf4 Bf3+ 15.
Kc2 Qxh2+ 16. Bd2 Ne7 17. Rf1 Nbc6 18. Qxa8 Nxd4+ 19. cxd4 Bxa8 20. Nxg6+ Nf5 21. Ne5+ Kg7 22. Kc3 d6 23. Nf3 Qh5 24. Rg1+ Kf8 25. Ng5 Nh4 26. Nxe6+ Ke7 27. d5 Nf3 28. Rg7+ Kf6 29. Rg8 Qe5+ 30. Kc2 Nd4+ 31. Kc1 Nxe6 32. dxe6 Qxe6 33. Bc3+ Kf7 34. Rg7+ Ke8 35. Rxh7 Qe3+ 36. Kc2 Be4 37. Rh8+ Kd7 38. Rg8 Qxd3+ 0-1

[Event "*** MasterClass Titled Tuesday Blitz"]
[Site "Chess.com"]
[Date "2017.12.05"]
[Round "2"]
[White "juniortay"]
[Black "Diwi89"]
[Result "0-1"]
[WhiteElo "2307"]
[BlackElo "2731"]
[TimeControl "180+2"]
[EndTime "14:36:40 PST"]
[Termination "Diwi89 won on time"]

1. e4 c5 2. Nc3 Nc6 3. f4 g6 4. Nf3 Bg7 5. Bb5 Nd4 6. O-O Nxb5 7. Nxb5 d6 8. d3 Nf6 9. Qe1 O-O 10. Qh4 c4 11. Nc3 cxd3 12. cxd3 b5 13. a3 a5 14. f5 b4 15. axb4 Qb6+ 16. Kh1 Qxb4 17. Bh6 Ba6 18. Ng5 Qxb2 19. Bxg7 Kxg7 20. Nd5 h6 21. Nxe7 hxg5 22. Qxg5 Qe5 23. Nc6 Qe8 24. Nd4 Bc8 25. Rac1 Bd7 26. Rc7 Qe5 27. Nf3 Qe8 28. Nd4 Qe5 29. Nf3 Qb5 30. Nh4 Qxd3 31. Rfc1 Qxe4 32. h3 Bxf5 33. R7c4 Qe6 34. Nf3 Ne4 35. Qf4 d5 36. Rc6 Qe7 37. Nd4 Bd7 38. Rc7 Rac8 39. h4 Rxc7 40. Rxc7 Rc8 41. Ra7 Qf6 0-1

[Event "*** MasterClass Titled Tuesday Blitz"]
[Site "Chess.com"]
[Date "2017.12.05"]
[Round "2"]
[White "cookie62008"]
[Black "TomasPabloFerreira"]
[Result "0-1"]
[WhiteElo "781"]
[BlackElo "929"]
[TimeControl "180+2"]
[EndTime "14:36:40 PST"]
[Termination "TomasPabloFerreira won by checkmate"]

1. e4 e6 2. d4 d5 3. e5 c5 4. Nf3 cxd4 5. Nxd4 Nc6 6. Bb5 Qa5+ 7. c3 Bd7 8. b4 Qc7 9. a4 Qxe5+ 10. Be3 Nxd4 11. cxd4 Bxb4+ 12. Nd2 Qd6 13. O-O Bxb5 14. axb5 Ne7 15. Nf3 O-O 16. Ra4 a6 17. Bd2 Bxd2 18.
Qxd2 axb5 19. Rxa8 Rxa8 20. Ne5 f6 21. Nf3 b4 22. Qb2 Ra3 23. h3 b3 24. Ra1 Rxa1+ 25. Qxa1 Qb4 26. Qb2 Nc6 27. Kh2 Kf7 28. Qd2 Qxd2 29. Nxd2 b2 30. Nb1 Nxd4 31. Kg3 Kg6 32. Kf4 Nc2 33. Kf3 Ne1+ 34. Kg3 Kf5 35. Kh2 Ke4 36. Kg1 Kd3 37. Kf1 Nc2 38. f3 Ne3+ 39.
Ke1 Kc2 40. Ke2 Kxb1 41. Kxe3 Kc2 42. Kd4 b1=Q 43. Kc5 Qb2 44. Kd6 d4 45. Kxe6 d3 46. Kf7 d2 47. Kxg7 d1=Q 48. h4 Qd8 49. Kxh7 Qbb6 50.
Kg6 Qbc7 51. h5 Qg8+ 52. Kf5 Qe5# 0-1

[Event "*** MasterClass Titled Tuesday Blitz"]
[Site "Chess.com"]
[Date "2017.12.05"]
[Round "2"]
[White "Sola00"]
[Black "toad"]
[Result "0-1"]
[WhiteElo "1525"]
[BlackElo "2177"]
[TimeControl "180+2"]
[EndTime "14:36:42 PST"]
[Termination "toad won by resignation"]

1. e4 c5 2. Nf3 d6 3. d4 cxd4 4.
Qxd4 Nc6 5. Bb5 Bd7 6. Bxc6 Bxc6 7. Nc3 Nf6 8. Bg5 e6 9. O-O-O Be7 10. Rhe1 O-O 11.
Kb1 a6 12. Bxf6 gxf6 13. Qe3 Qa5 14. h4 Kh8 15. g3 b5 16. Nd4 Bb7 17. f4 b4 18. Nce2 Qb6 19. Qd3 a5 20. Ng1 a4 21.
Ngf3 Rg8 22. Rg1 Rac8 23. g4 a3 24. g5 axb2 25. f5 Rc3 26. Qe2 e5 27. Nb3 Qe3 28.
Qb5 Bxe4 29. Rgf1 Bxc2+ 30. Kxb2 Bxd1 31. Rxd1 Qxf3 32. Rd2 Qxf5 33. Qxb4 Rf3 34. Qb7 Bf8 35. Qc6 Rf2 36. Rxf2 Qxf2+ 37. Ka3 Qa7+ 38. Kb2 Qe7 39. Qg2 fxg5 40. hxg5 Qxg5 41. Qd5 Qg2+ 42. Ka3 Qxd5 0-1

[Event "*** MasterClass Titled Tuesday Blitz"]
[Site "Chess.com"]
[Date "2017.12.05"]
[Round "2"]
[White "platy3"]
[Black "Bryakin_Mikhail"]
[Result "1-0"]
[WhiteElo "2522"]
[BlackElo "2564"]
[TimeControl "180+2"]
[EndTime "14:36:46 PST"]
[Termination "platy3 won by checkmate"]

1. e4 c6 2. d4 d5 3. Nc3 dxe4 4.
Nxe4 Nf6 5. Nxf6+ gxf6 6. c3 Bf5 7. Nf3 Nd7 8. Qb3 Qb6 9. Bc4 e6 10. O-O Bd6 11. Re1 O-O-O 12. Qxb6 axb6 13. a4 Kc7 14.
Bf1 Rhg8 15. g3 Ra8 16. b3 Bc2 17. Nd2 Ra7 18. Ra2 Bg6 19. Nc4 Rga8 20. Nxd6 Kxd6 21.
Bf4+ Ke7 22. Rd2 Rc8 23. c4 Ra5 24. d5 e5 25. d6+ Ke6 26. Be3 Raa8 27. f4 Nc5 28. g4 Nxb3 29. f5+ Kd7 30. Rb2 Nd4 31. Bxd4 exd4 32. fxg6 hxg6 33. Rxb6 Kxd6 34. Rxb7 Rf8 35. c5+ Kxc5 36. Rc1+ Kd6 37. Bg2 Rxa4 38. Rxc6+ Ke5 39. Rb5+ Kf4 40. Rxf6+ Kxg4 41. h3+ Kg3 42. Rf3+ Kh4 43.
Rf4+ Kg3 44. Rg4# 1-0

[Event "*** MasterClass Titled Tuesday Blitz"]
[Site "Chess.com"]
[Date "2017.12.05"]
[Round "2"]
[White "likantrophuss"]
[Black "sergiochess83"]
[Result "0-1"]
[WhiteElo "2460"]
[BlackElo "2760"]
[TimeControl "180+2"]
[EndTime "14:36:53 PST"]
[Termination "sergiochess83 won by resignation"]

1. Nf3 Nf6 2. c4 b6 3. g3 c5 4. Bg2 Bb7 5. O-O g6 6. b3 Bg7 7. Bb2 O-O 8. d4 cxd4 9. Nxd4 Bxg2 10. Kxg2 Qc8 11. Nf3 a6 12. Nbd2 Qb7 13. Rc1 d6 14. Rc2 Nbd7 15. Qa1 Rfc8 16. Rfc1 Rc7 17. Kg1 Rac8 18. Nf1 b5 19. N1d2 Bh6 20. e3 bxc4 21. Rxc4 Rxc4 22. Rxc4 Rxc4 23. bxc4 Bg7 24. Bd4 Qc6 25.
Qb2 h5 26. h3 e5 27. Bc3 Nc5 28. Qb8+ Bf8 29. Bb4 Nd3 30. Ng5 Kg7 31. a3 Be7 32.
Qa7 Nd7 33. Nge4 Bf8 34. Nc3 Nf6 35. Qb8 Qd7 36. Kg2 Qf5 37. f3 Ne1+ 38. Kf2 Nxf3 39. Nxf3 e4 40. Nxe4 Nxe4+ 41. Ke2 Nxg3+ 42. Kf2 Ne4+ 43.
Ke2 Qxh3 44. Nd4 Ng3+ 45. Kd3 Nf5 46. Nc2 Qf1+ 47. Kc3 Be7 48. Kb3 Qb1+ 49. Ka4 Qxc2+ 50. Ka5 Qxc4 0-1

[Event "*** MasterClass Titled Tuesday Blitz"]
[Site "Chess.com"]
[Date "2017.12.05"]
[Round "2"]
[White "JoachimBN"]
[Black "JaimeSantosLatasa"]
[Result "1/2-1/2"]
[WhiteElo "2511"]
[BlackElo "2554"]
[TimeControl "180+2"]
[EndTime "14:36:57 PST"]
[Termination "Game drawn by agreement"]

1. c4 Nf6 2. Nc3 e5 3. g3 d5 4. cxd5 Nxd5 5. Bg2 Nb6 6. Nf3 Nc6 7. O-O Be7 8. d3 O-O 9. Be3 Bg4 10. Rc1 Re8 11. Na4 Nd5 12. Bd2 Nd4 13. e3 Nxf3+ 14. Bxf3 Bh3 15.
Qb3 c6 16. Rfd1 Rb8 17. Nc5 Qb6 18. Bxd5 cxd5 19. Qxb6 axb6 20. Na4 Bg4 21. Re1 Bd8 22. Nc3 Be6 23. Nb5 Bd7 24. Nc7 Bxc7 25. Rxc7 Bc6 26. f3 Rbc8 27. Rxc8 Rxc8 28. d4 e4 29. fxe4 dxe4 30.
Rc1 f6 31. d5 Bd7 32. Rxc8+ Bxc8 33. Bc3 Kf7 34. Kf2 Bg4 35. a3 Ke7 36. Bb4+ Kd7 37. Bf8 g6 38. h4 Bd1 39. Bg7 f5 40. Be5 Bb3 41. d6 Ke6 42. Ke2 Ba4 43. Bf4 Kd5 44. Kd2 Kc4 45. Bg5 Kb3 46. Bf6 Bc6 47. Bd4 b5 48.
Be5 b4 49. axb4 Kxb4 50. Bc3+ Kc4 51. Be5 b5 52. Bf4 Kb3 53. Be5 b4 54. Bf6 1/2-1/2

[Event "*** MasterClass Titled Tuesday Blitz"]
[Site "Chess.com"]
[Date "2017.12.05"]
[Round "2"]
[White "Hanging_pointer"]
[Black "ZCorrales"]
[Result "1-0"]
[WhiteElo "2313"]
[BlackElo "2120"]
[TimeControl "180+2"]
[EndTime "14:37:02 PST"]
[Termination "Hanging_pointer won by checkmate"]

1. e4 c5 2. Nf3 d6 3. d4 cxd4 4.
Nxd4 Nf6 5. Nc3 g6 6. Be3 Bg7 7. f3 Nc6 8. Qd2 O-O 9. g4 Nxd4 10. Bxd4 Be6 11. h4 Qa5 12. h5 Rfc8 13. a3 Rab8 14. h6 Bh8 15. b4 Qc7 16. Nb5 Qxc2 17. Qxc2 Rxc2 18. Bd3 Rcc8 19. Nxa7 Rf8 20. Rc1 Ra8 21.
Be3 Nd7 22. Ke2 Ne5 23. Bb5 d5 24. exd5 Bxd5 25. Rhf1 f5 26. g5 f4 27. Bb6 Nf7 28. Rc5 e6 29. Rc7 Nxg5 30. Bc5 Rf7 31. Rxf7 Kxf7 32.
a4 Be5 33. a5 Bb8 34. Nc8 Bc7 35. Nb6 Rd8 36. Nxd5 Rxd5 37. Bc4 Re5+ 38. Kf2 Rf5 39. Rd1 Bxa5 40. Rd7+ Ke8 41. Rxb7 Kd8 42. Be7+ Ke8 43. Bxg5 Rxg5 44. bxa5 Rxa5 45. Rxh7 Ra4 46. Bxe6 Rb4 47.
Rg7 Rb2+ 48. Kg1 Re2 49. h7 Re1+ 50. Kg2 Re2+ 51. Kh3 Rxe6 52. h8=Q# 1-0

[Event "*** MasterClass Titled Tuesday Blitz"]
[Site "Chess.com"]
[Date "2017.12.05"]
[Round "2"]
[White "HolyInquisitor0001"]
[Black "Marcin"]
[Result "0-1"]
[WhiteElo "1641"]
[BlackElo "2209"]
[TimeControl "180+2"]
[EndTime "14:37:03 PST"]
[Termination "Marcin won by checkmate"]

1. e4 c5 2. Nc3 Nc6 3. g3 g6 4.
Bg2 Bg7 5. Nge2 d6 6. O-O Nf6 7. d3 O-O 8. h3 a6 9. f4 Rb8 10. Be3 Bd7 11. g4 b5 12. Qe1 b4 13. Nd1 e6 14. Ng3 Nd4 15. Qf2 a5 16. g5 Ne8 17.
c3 bxc3 18. bxc3 Nb5 19. Rc1 Na3 20. h4 Qb6 21. h5 Bb5 22. c4 Ba4 23. hxg6 hxg6 24.
f5 Be5 25. f6 Bxd1 26. Rcxd1 Qb2 27. Rd2 Qc3 28. Ne2 Qb4 29. Qh4 Nb1 30. Rc2 Na3 31. Rcc1 Qb2 32. Rce1 Nc2 33. Rb1 Qxb1 34. Rxb1 Rxb1+ 35.
Kf2 Nxe3 36. Kxe3 Rb2 37. Bf3 Rxa2 38. Ng3 Bc3 39. Ne2 Bb2 40. Qh6 Nxf6 41. gxf6 Bxf6 42.
Nf4 Bd4# 0-1

[Event "*** MasterClass Titled Tuesday Blitz"]
[Site "Chess.com"]
[Date "2017.12.05"]
[Round "2"]
[White "isaacAbdulsalam"]
[Black "MMichael"]
[Result "0-1"]
[WhiteElo "1961"]
[BlackElo "2306"]
[TimeControl "180+2"]
[EndTime "14:37:09 PST"]
[Termination "MMichael won by resignation"]

1. d4 Nf6 2. c4 g6 3. Nc3 Bg7 4.
e4 d6 5. Be2 O-O 6. Nf3 Nc6 7.
O-O e5 8. d5 Ne7 9. b4 Nh5 10. g3 f5 11. Ng5 Nf6 12. Bb2 h6 13. Ne6 Bxe6 14. dxe6 fxe4 15. Qc2 Qc8 16. Nxe4 Qxe6 17.
Rac1 c6 18. Rfd1 Rad8 19. a3 Kh8 20. Nxf6 Qxf6 21. Bf1 d5 22. cxd5 cxd5 23. Bg2 b6 24. Qe2 d4 25. Rc7 a5 26. bxa5 bxa5 27. a4 d3 28. Qe3 Nd5 29. Bxd5 Rxd5 30. f4 Qf5 31. Qa7 Rg8 32. Bxe5 Rxe5 33. fxe5 g5 34. Qe3 Rd8 35.
e6 Bd4 36. Qxd4+ Rxd4 37. e7 Re4 38. Rc8+ Qxc8 39. Rxd3 Rxe7 40. Rf3 Qc1+ 41. Kg2 Qd2+ 42. Rf2 Re2 43. Rxe2 Qxe2+ 44. Kh3 Qe6+ 45. Kg2 Qe4+ 46.
Kh3 Qxa4 47. Kg2 Qd7 48. h4 a4 49. hxg5 hxg5 50. Kf3 Qd4 51. g4 a3 52. Kg3 a2 0-1

[Event "*** MasterClass Titled Tuesday Blitz"]
[Site "Chess.com"]
[Date "2017.12.05"]
[Round "2"]
[White "fredjust"]
[Black "VeryAnonymousPatzer"]
[Result "1-0"]
[WhiteElo "1381"]
[BlackElo "1114"]
[TimeControl "180+2"]
[EndTime "14:37:09 PST"]
[Termination "fredjust won by checkmate"]

1. d4 d5 2. e3 c5 3. c3 e6 4. Bd3 Nf6 5. Nd2 Nc6 6. f4 Be7 7. Ngf3 O-O 8. O-O b6 9. Ne5 Bb7 10. Qf3 Nd7 11. Qh3 Nf6 12. g4 h6 13. g5 Nxe5 14. fxe5 hxg5 15. exf6 g6 16. fxe7 Qxe7 17. Nf3 f5 18. Ne5 Kg7 19. Bd2 g4 20. Nxg4 fxg4 21. Qxg4 Rxf1+ 22. Rxf1 g5 23. h4 Kh6 24. e4 Rg8 25.
Bxg5+ Rxg5 26. Qxg5+ Qxg5+ 27. hxg5+ Kxg5 28. exd5 Bxd5 29. Rf7 e5 30. Rxa7 exd4 31. cxd4 cxd4 32. a4 Bb3 33. a5 bxa5 34. Rxa5+ Kf4 35. Ra3 Bd1 36. b4 Bf3 37. b5 Ke5 38. b6 Bb7 39. Rb3 Kf4 40.
Rb5 Ke3 41. Bh7 d3 42. Re5+ Kd4 43. Re8 d2 44. Rd8+ Bd5 45. Bc2 Kc3 46. Bd1 Bb3 47. Bxb3 Kxb3 48. Rxd2 Kc4 49. b7 Kc5 50. Rc2+ Kb6 51.
b8=Q+ Ka6 52. Ra2# 1-0

[Event "*** MasterClass Titled Tuesday Blitz"]
[Site "Chess.com"]
[Date "2017.12.05"]
[Round "2"]
[White "RaphaeI"]
[Black "VladDobrov"]
[Result "0-1"]
[WhiteElo "2501"]
[BlackElo "2601"]
[TimeControl "180+2"]
[EndTime "14:37:14 PST"]
[Termination "VladDobrov won by resignation"]

1. d4 Nf6 2. c4 e6 3. Nf3 c5 4. d5 exd5 5. cxd5 Bd6 6. Nc3 Bc7 7. d6 Ba5 8. g3 O-O 9. Bg2 Nc6 10. O-O Bxc3 11. bxc3 Re8 12. Bf4 b6 13. Qc2 Bb7 14. Nh4 Re6 15. Rad1 Qe8 16. Rfe1 h6 17. Nf5 Ne4 18. f3 Nf6 19. e4 Ne5 20. Bxe5 Rxe5 21.
f4 Rxe4 22. Ne7+ Rxe7 23. Rxe7 Qc8 24. Bxb7 Qxb7 25. Qg2 Qxg2+ 26. Kxg2 c4 27. a4 Rc8 28. Re5 Rc6 29. h3 h5 30. a5 g6 31. Kf3 Kg7 32.
g4 hxg4+ 33. hxg4 bxa5 34. Rxa5 a6 35. g5 Ne8 36. Rad5 a5 37. Ke4 a4 38. Ke5 Ra6 39. Kd4 Nxd6 40. Kc5 Nf5 41. Rxd7 a3 42. Kb5 Ra8 43.
Ra1 a2 44. Kxc4 Re8 45. Kb3 Re4 46. Rxa2 Rxf4 47. Raa7 Ne3 48. Rac7 Rf5 49. c4 Ng4 50. Rd5 Ne5 51. Re7 Rf3+ 52. Kb4 Nc6+ 53. Kb5 Nxe7 0-1

[Event "*** MasterClass Titled Tuesday Blitz"]
[Site "Chess.com"]
[Date "2017.12.05"]
[Round "2"]
[White "Scott-fox21"]
[Black "Piccadilly123"]
[Result "1-0"]
[WhiteElo "2208"]
[BlackElo "2102"]
[TimeControl "180+2"]
[EndTime "14:37:14 PST"]
[Termination "Scott-fox21 won by resignation"]

1. d4 Nf6 2. c4 g6 3. Nc3 Bg7 4. e4 d6 5. h3 O-O 6. Bg5 Na6 7. Bd3 e5 8. d5 Nc5 9. Bc2 a5 10. Nge2 h6 11. Be3 Bd7 12. Qd2 Kh7 13. O-O-O Qe7 14. g4 b6 15. g5 hxg5 16. Bxg5 Qe8 17.
h4 Na4 18. Bxf6 Nxc3 19. Nxc3 Bxf6 20. h5 g5 21. Rdg1 Rg8 22. Ne2 b5 23. cxb5 Bxb5 24.
Ng3 Bd7 25. Qc3 Qb8 26. Qf3 Qd8 27. h6 g4 28. Qc3 Bg5+ 29. Kb1 Rg6 30. Nf5 f6 31.
Rxg4 Bxf5 32. exf5 Rxh6 33. Rxh6+ Kxh6 34. Qh3+ Kg7 35. Qh5 Qh8 36. Qg6+ Kf8 37. Rg1 Qh6 38. Ba4 Rb8 39.
Bd7 Qxg6 40. fxg6 Kg7 41. Bf5 Rb5 42. Rh1 Bh6 43. Be4 Rb4 44. f3 Rd4 45. b3 f5 46.
Bxf5 Rxd5 47. Rh2 Rd4 48. Rc2 c5 49. Kb2 Rf4 50. Be4 Kf6 51. Rh2 Bg7 52. Kc3 d5 53. Bxd5 Kxg6 54. Be4+ Kf7 55. Kc4 Bf8 56. Rh7+ Ke6 57.
Ra7 Rf7 58. Bd5+ Kd6 59. Rxf7 Be7 1-0